Map: Ulrena

Players

Tony - Winner!

  • Race: Zerg Zerg
  • League: Platinum

Slacker

  • Race: Terran Terran
  • League: Platinum

VOD

Have the link to the VOD?

Description

Time

  • Played on: March 18, 2016, 2:36 p.m.
  • Length: 11:16
Show
View Real Time Build Order
Export as new Build Order

Tony Zerg - Winner!

Build Orders: Pool First 

Get SALT Encoding   

  12  0:01  Drone  
  13  0:14  Overlord  
  13  0:18  Drone  
  14  0:35  Drone x2  
  16  0:38  Drone, Extractor  
  16  0:49  Spawning Pool  
  15  0:51  Drone  
  16  1:00  Drone  
  17  1:14  Drone  
  18  1:24  Hatchery  
  17  1:28  Drone  
  18  1:43  Zergling x4  
  18  1:45  Metabolic Boost  
  20  1:53  Queen  
  22  2:01  Overlord  
  22  2:19  Zergling x4  
  24  2:25  Zergling x2  
  25  2:35  Zergling x2  
  25  2:36  Queen  
  28  2:37  Zergling x2  
  29  3:19  Drone  
  30  3:20  Drone x6  
  30  3:21  Overlord  
  36  3:39  Overlord  
  36  3:42  Lair  
  36  3:51  Overlord  
  36  3:55  Drone x5  
  41  3:56  Roach Warren  
  41  3:58  Extractor  
  41  3:59  Queen  
  41  4:04  Drone x3  
  43  4:30  Zergling x2  
  43  4:31  Zergling x14  
  48  4:47  Extractor  
  48  4:48  Extractor  
  46  5:08  Roach  
  46  5:09  Roach x6  
  46  5:10  Overlord x2  
  56  5:29  Drone  
  56  5:30  Drone x8  
  65  5:41  Hatchery  
  64  5:43  Pneumatized Carapace  
  64  5:44  Overseer  
  64  5:48  Overseer  
  64  5:57  Overlord  
  64  5:58  Overlord  
  64  5:59  Drone  
  64  6:00  Drone x3  
  68  6:10  Drone  
  71  6:11  Drone x2  
  71  6:18  Spore Crawler  
  70  6:30  Spore Crawler  
  69  6:34  Spore Crawler  
  69  6:36  Spine Crawler  
  67  6:40  Glial Reconstitution  
  67  6:47  Drone x2  
  67  6:48  Drone x9  
  78  6:55  Spore Crawler  
  77  7:05  Overlord x2  
  77  7:10  Spire  
  77  7:13  Baneling Nest  
  75  7:47  Zergling x2  
  75  7:48  Zergling x18  
  75  7:49  Overlord x3  
  85  8:05  Centrifical Hooks  
  85  8:20  Zergling x20  
  85  8:21  Zergling x6  
  98  8:34  Infestation Pit  
  97  8:40  Ravager x6  
  103  8:42  Roach  
  103  8:43  Roach x5  
  115  8:56  Baneling x6  
  115  8:57  Baneling  
  115  8:58  Baneling x2  
  115  9:00  Roach x11  
  105  9:34  Roach  
  105  9:35  Roach x12  
  126  9:44  Ravager x7  
  116  10:37  Roach x12  
  116  10:38  Roach x2  
  116  11:10  Extractor  
  113  11:11  Extractor  
Show
View Real Time Build Order
Export as new Build Order

Slacker Terran 

Build Orders: Reaper Expand, MMM Bio 

Get SALT Encoding   

  12  0:03  SCV  
  13  0:16  SCV  
  13  0:19  Supply Depot  
  15  0:28  SCV  
  15  0:40  SCV  
  15  0:42  Barracks  
  16  0:46  Refinery  
  16  0:52  SCV  
  17  1:04  SCV  
  18  1:17  SCV  
  19  1:30  Reaper  
  19  1:31  Orbital Command  
  20  1:45  Command Center  
  20  1:56  Refinery  
  20  2:01  SCV  
  20  2:02  Supply Depot  
  21  2:09  Barracks Reactor  
  21  2:13  SCV  
  22  2:26  SCV  
  22  2:27  Factory  
  23  2:38  SCV  
  23  3:07  Marine  
  23  3:08  Marine  
  23  3:12  Widow Mine  
  26  3:28  Marine x2  
  28  3:42  SCV  
  29  3:50  Starport  
  29  3:54  SCV  
  30  4:08  Hellion x2  
  34  4:25  Marine  
  34  4:27  Medivac  
  34  4:29  Hellion x2  
  41  4:43  Marine  
  42  4:48  SCV  
  42  4:49  SCV  
  42  4:50  Hellion  
  46  5:08  Orbital Command  
  46  5:26  Armory  
  46  5:47  Supply Depot  
  46  5:48  Supply Depot  
  46  5:52  Liberator  
  46  5:57  Barracks  
  46  5:58  Barracks Tech Lab  
  46  6:09  Hellion, SCV x2  
  46  6:10  Hellion  
  55  6:11  Barracks  
  55  6:13  Supply Depot  
  55  6:14  Supply Depot  
  55  6:17  Marine  
  56  6:18  Stimpack  
  56  6:21  SCV x2  
  58  6:31  Hellion  
  58  6:32  Hellion  
  62  6:35  Marine, SCV x2  
  62  6:37  Supply Depot x2  
  62  6:38  Engineering Bay  
  62  6:39  Engineering Bay  
  65  6:42  Refinery  
  65  6:46  Barracks Reactor  
  65  6:47  SCV  
  65  6:50  SCV  
  65  6:52  Hellion  
  65  6:53  Hellion, Marauder  
  73  6:54  Starport Reactor  
  73  6:59  Barracks Reactor, Supply Depot, SCV  
  74  7:02  SCV  
  75  7:10  Terran Infantry Weapons Level 1  
  75  7:11  Terran Infantry Armor Level 1, SCV  
  75  7:13  Widow Mine  
  75  7:14  Hellion, SCV  
  75  7:15  Marauder  
  83  7:23  Supply Depot, SCV  
  83  7:24  Marine x2  
  83  7:26  SCV  
  87  7:33  Supply Depot  
  87  7:35  SCV  
  87  7:36  Marauder  
  90  7:38  Marine x2, SCV  
  90  7:42  Marine x2, Medivac  
  97  7:45  Medivac  
  99  8:00  Missile Turret  
  99  8:05  Missile Turret  
  99  8:08  SCV  
  99  8:09  Missile Turret, SCV  
  99  8:10  Marine  
  99  8:11  Marine  
  103  8:13  Marine  
  103  8:15  Missile Turret, Marine  
  103  8:16  Marine  
  103  8:19  Widow Mine  
  106  8:20  SCV  
  106  8:22  Widow Mine  
  106  8:24  Missile Turret  
  106  8:25  SCV  
  112  8:33  Supply Depot, Combat Shields, SCV  
  113  8:36  Marine  
  113  8:37  Marine  
  113  8:39  Marine  
  116  8:43  Marine x2  
  118  8:54  Marine  
  119  8:56  Marine x2  
  119  8:57  Widow Mine  
  119  8:58  Widow Mine  
  119  9:01  Marauder, Marine  
  128  9:12  Marine  
  128  9:14  Marine  
  128  9:23  Marauder  
  97  9:24  Marine x2  
  97  9:26  Widow Mine  
  97  9:27  Hellion  
  97  9:29  Marine  
  86  9:32  Marine  
  72  9:44  Marauder  
  71  9:48  Hellion  
  73  9:54  Marine x4  
  77  10:06  Marauder  
  71  10:12  Marine  
  68  10:22  Marine  
  68  10:23  Marine x2  
  68  10:26  Marine  
  41  10:44  Marine x5  
Tags
 
Add a new tag
Caveats
  • Supply blocks, unpowered buildings, or Contaminate may cause inaccurate times.
  • Supply counts are checked every 10 seconds.